 Dungeon Crawl Stone Soup version 0.31-a0-818-ge7c7cf74f0 (webtiles) character file.

Game seed: 15984341492703670777

26 Kurtz the Chopper (level 3, -3/26 HPs)
             Began as an Octopode Fighter on Sept 23, 2023.
             Slain by a worm (11 damage)
             ... on level 2 of the Dungeon.
             The game lasted 00:00:15 (183 turns).

Kurtz the Chopper (Octopode Fighter)                 Turns: 183, Time: 00:00:16

Health: -3/26      AC:  1    Str: 17    XL:     3   Next: 8%
Magic:  3/3        EV: 13    Int: 10    God:
Gold:   42         SH:  4    Dex: 11    Spells: 2/2 levels left

rFire   . . .        a - +0 war axe
rCold   . . .        b - +0 buckler
rNeg    . . .        (helmet restricted)
rPois   .            (no amulet)
rElec   .            (no ring)
rCorr   .            (no ring)
SInv    .            (no ring)
Will    .....        (no ring)
Stlth   ++           (no ring)
HPRegen 0.24/turn    (no ring)
MPRegen 0.08/turn    (no ring)
                     (no ring)

%: no passive effects
@: no status effects
A: almost no armour, amphibious, 8 rings, camouflage 1, gelatinous body 1,
(nimble swimmer 1), tentacles
a: no special abilities


You were on level 2 of the Dungeon.
You visited 1 branch of the dungeon, and saw 2 of its levels.

You collected 42 gold pieces.

Inventory:

Hand Weapons
 a - a +0 war axe (weapon)
Armour
 b - a +0 buckler (worn)
Jewellery
 d - a ring of willpower
Scrolls
 f - a scroll of enchant weapon {unknown}
Potions
 c - a potion of might
 e - a potion of curing {unknown}


   Skills:
 - Level 3.0 Fighting
 * Level 3.4 Axes
 - Level 3.0 Dodging
 - Level 3.0 Shields


You had 2 spell levels left.
You didn't know any spells.
Your spell library was empty.

Dungeon Overview and Level Annotations

Branches:
Dungeon (1/15)

Altars:


Innate Abilities, Weirdness & Mutations

You cannot wear most types of armour.
You are amphibious.
You can wear up to eight rings at the same time.
Your skin changes colour to match your surroundings (Stealth+).
Your rubbery body absorbs attacks. (AC +1, EV +1)
((You are camouflaged when in or above water. (Stealth+)))
You have tentacles for arms and can constrict up to eight enemies at once.


Message History

You are too injured to fight recklessly!
Unknown command.
You are too injured to fight recklessly!
There are monsters nearby!
Unknown command.
You are too injured to fight recklessly!
The jackal attacks as it pursues you! The jackal barely misses you.
The jackal closely misses you.
You slash the jackal!
You kill the jackal!
The adder misses you.
You slash the adder! Your grab misses the adder.
The adder is severely wounded.
The adder completely misses you. The adder closely misses you.
You closely miss the adder. Your grab misses the adder.
The adder is severely wounded.
The adder closely misses you. The adder misses you.
You closely miss the adder. Your grab misses the adder.
Your squeeze misses the adder.
The adder is severely wounded.
The adder closely misses you. The adder barely misses you.
You closely miss the adder. Your grab misses the adder.
The adder is severely wounded.
The adder bites you. x2
* * * LOW HITPOINT WARNING * * *
You slash the adder!
You kill the adder!
You block the jackal's attack.
You have reached level 3!
Your experience leads to an increase in your attributes!
Increase (S)trength, (I)ntelligence, or (D)exterity?
You feel stronger. x2
You closely miss the jackal. You grab the jackal.
You constrict the jackal, but do no damage.
The jackal bites you. The jackal barely misses you.
You slash the jackal!
You kill the jackal!
You barely miss the worm. You grab the worm. You constrict the worm.
The worm bites you!
You die...

##########
#........#
#........#
#........####..
#..........w..#
#.....>.S......
#######w######..
#.......@...#
#...........#
#...........#
####.......##
#.####### #.#
#.# #.####
#....#


You could see a worm.

Vanquished Creatures
  An adder (D:2)
  A dart slug (D:1)
  A bat (D:1)
  An endoplasm (D:2)
  8 jackals
  A kobold (D:1)
13 creatures vanquished.

Notes
Turn   | Place    | Note
-------+----------+-------------------------------------------
     0 | D:1      | Kurtz the Octopode Fighter began the quest for the Orb.
     0 | D:1      | Reached XP level 1. HP: 16/16 MP: 1/1
    96 | D:1      | Reached XP level 2. HP: 20/21 MP: 2/2
   121 | D:1      | You fall into a shaft and drop 1 floor!
   181 | D:2      | Reached XP level 3. HP: 8/26 MP: 3/3
   183 | D:2      | Slain by a worm

Illustrated notes

Levels and vault maps discovered:
D:1:      spicycebolla_arrival_ecumenical, layout_rooms, serial_shops,
          nicolae_shop_crystal
D:2:      layout_basic, nicolae_figureground_pulse, uniq_natasha

Skill      XL: |  1  2 |
---------------+-------+-----
Axes           | 3 |  3.4
Fighting       | |  3.0
Dodging        | |  3.0
Shields        | |  3.0

Action                     || total
---------------------------++-------
  Melee: War axe           ||    22
         Constrict         ||     6
         Tentacles         ||     2
 Armour: Skin              ||    15
  Dodge: Dodged            ||    31
  Block: Buckler           ||     8

Table legend: (Time is in decaauts)
 A = Elapsed time spent in this place.
 B = Non-inter-level travel time spent in this place.
 C = Inter-level travel time spent in this place.
 D = Time resting spent in this place.
 E = Time spent auto-exploring this place.
 F = Levels seen in this place.
 G = Mean time per level.
                   A        B        C        D        E       F      G
               +--------+--------+--------+--------+--------+-----+--------+
         Total |    191 |    191 |      0 |      0 |    129 |   2 |   95.5 |
       Dungeon |    191 |    191 |      0 |      0 |    129 |   2 |   95.5 |
               +--------+--------+--------+--------+--------+-----+--------+

Top non-repeatable levels by time:
     D:1: 123 daAuts
     D:2: 67 daAuts
